 Dungeon Sprint DCSS version 0.30.1-9-gdf580d7c3d (webtiles) character file.

Game seed: 3164759160023410661

1995 Heoruswealwe the Impaler (level 9, -6/92 HPs)
             Began as a Minotaur Fighter on Oct 2, 2023.
             Was an Initiate of Gozag.
             Shot with an arrow by a centaur (9 damage)
             ... in the Dungeon (Sprint IX: "|||||||||||||||||||||||||||||").
             The game lasted 00:03:43 (388 turns).

Heoruswealwe the Impaler (Minotaur Fighter)          Turns: 388, Time: 00:03:43

Health: -6/92      AC: 15    Str: 28    XL:     9   Next: 1%
Magic:  8/8        EV:  9    Int:  5    God:    Gozag
Gold:   702        SH:  0    Dex: 10    Spells: 8/8 levels left

rFire   . . .        b - +2 halberd (heavy)
rCold   . . .        (shield currently unavailable)
rNeg    . . .        c - +1 chain mail
rPois   .            (helmet restricted)
rElec   .            (no cloak)
rCorr   .            f - +0 pair of gloves
SInv    .            (no boots)
Will    .....        (no amulet) Stlth
                     k - +3 ring of strength
HPRegen 0.35/turn    (no ring)
MPRegen 0.11/turn

%: no teleportation
@: gold aura
A: horns 2, retaliatory headbutt
a: Renounce Religion, Potion Petition, Call Merchant, Bribe Branch


You were in the Dungeon.
You worshipped Gozag.
Gozag was pleased with you.
You visited 1 branch You collected 702 gold pieces.

Inventory:

Hand Weapons
 a - a +0 trident
 b - a +2 heavy halberd (weapon)
Armour
 c - a +1 chain mail (worn)
 d - a +0 buckler
 f - a +0 pair of gloves (worn)
Jewellery
 k - a +3 ring of strength (left hand)
Wands
 h - a wand of roots (10)
Scrolls
 j - 2 scrolls of blinking
Potions
 e - 5 potions of curing
 g - a potion of haste
 i - a potion of berserk rage
 m - a potion of might


   Skills:
 + Level 12.6 Fighting
 * Level 16.9 Polearms
 + Level 12.6 Armour
 - Level 3.6 Shields


You had 8 spell levels left.
You didn't know any spells.
Your spell library was empty.

Dungeon Overview and Level Annotations

Branches:
Dungeon (1/1)

Altars:
Cheibriados
Dithmenos
Elyvilon
Fedhas
Gozag
Hepliaklqana
Kikubaaqudgha
Makhleb
Nemelex Xobeh
Okawaru
Qazlal
Ru
Sif Muna
Trog
Uskayaw
Vehumet
Wu Jian
Xom
Yredelemnul
Zin
The Shining One
Jiyva
Lugonu


Innate Abilities, Weirdness & Mutations

You have a pair of horns on your head.
You reflexively headbutt those who attack you in melee.


Message History

The kobold demonologist gestures wildly while chanting.
You slash the kobold demonologist!
You kill the kobold demonologist!
The shadow imp disappears in a puff of smoke!
The white imp disappears in a puff of smoke!
You have reached level 9!
Your experience leads to an increase in your attributes!
Your base attributes are Str 23, Int 5, Dex 10.
Increase (S)trength, (I)ntelligence, or (D)exterity?
You feel stronger. x2
You hit the slime creature.
The slime creature is lightly wounded.
The slime creature hits you.
* * * LOW HITPOINT WARNING * * *
You barely miss the slime creature. The slime creature hits you.
* * * LOW HITPOINT WARNING * * *
You impale the slime creature!! You headbutt the slime creature.
The slime creature is heavily wounded.
The slime creature hits you but does no damage.
The slime creature hits you!
* * * LOW HITPOINT WARNING * * *
You barely miss the slime creature.
The slime creature is heavily wounded.
The slime creature hits you.
* * * LOW HITPOINT WARNING * * *
You slice the slime creature!!
The slime creature is almost dead.
The slime creature hits you.
* * * LOW HITPOINT WARNING * * *
You completely miss the slime creature.
Your headbutt misses the slime creature.
The slime creature is almost dead.
The slime creature hits you.
* * * LOW HITPOINT WARNING * * *
You chop the slime creature into pieces!!!
You kill the slime creature!
The centaur wields a +0 shortbow.
The centaur shoots an arrow.
The arrow hits you!
You die...
Your body crumbles into a pile of gold. $$$$ $ $ $ $$$$$ $ $ ▓▓▓▓▓▓▓▓▓▓▓▓▓▓▓▓▓▓▓▓▓▓▓▓ !?)=[[...)......@$c....+ ▓▓▓▓▓▓▓▓▓▓▓▓▓▓▓▓▓▓▓▓▓▓▓▓

You could see a centaur.

Vanquished Creatures
  A boulder beetle (D)
  A kobold demonologist (D)
  A slime creature (D)
  2 wyverns (D)
  2 yaks (D)
  2 vampire mosquitoes (D)
  An orc warrior (D)
  An ogre (D)
  A phantom (D)
  A jelly (D)
  2 orc wizards (D)
  An orc (D)
  2 endoplasms (D)
  A goblin (D)
  A jackal (D)
  A rat (D)
21 creatures vanquished.

Notes
Turn   | Place    | Note
-------+----------+-------------------------------------------
     0 | D        | Heoruswealwe the Minotaur Fighter began the quest for the
                  | Orb.
     0 | D        | Reached XP level 1. HP: 19/19 MP: 0/0
     6 | D        | Reached skill level 3 in Polearms
    20 | D        | Noticed a phantom
    20 | D        | Noticed an ogre
    20 | D        | Noticed a jelly
    20 | D        | Noticed an orc wizard
    33 | D        | Killed a phantom
    34 | D        | Reached skill level 7 in Polearms
    34 | D        | Reached XP level 2. HP: 17/30 MP: 1/1
    34 | D        | Reached XP level 3. HP: 21/37 MP: 2/2
    34 | D        | Reached XP level 4. HP: 25/44 MP: 3/3
    41 | D        | Killed an ogre
    42 | D        | Reached skill level 9 in Polearms
    42 | D        | Reached XP level 5. HP: 52/52 MP: 4/4
    45 | D        | Reached skill level 10 in Polearms
    73 | D        | Found a snail-covered altar of Cheibriados.
    73 | D        | Found a shadowy altar of Dithmenos.
    73 | D        | Found a white marble altar of Elyvilon.
    73 | D        | Found a blossoming altar of Fedhas.
    73 | D        | Found an opulent altar of Gozag.
    74 | D        | Found a hazy altar of Hepliaklqana.
    75 | D        | Found a viscous altar of Jiyva.
    76 | D        | Found an ancient bone altar of Kikubaaqudgha.
    77 | D        | Found a corrupted altar of Lugonu.
    78 | D        | Found a burning altar of Makhleb.
    79 | D        | Found a sparkling altar of Nemelex Xobeh.
    80 | D        | Found an iron altar of Okawaru.
    81 | D        | Became a worshipper of Gozag Ym Sagoz the Greedy
    82 | D        | Found a stormy altar of Qazlal.
    83 | D        | Found a sacrificial altar of Ru.
    84 | D        | Found a shimmering blue altar of Sif Muna.
    85 | D        | Found a bloodstained altar of Trog.
    86 | D        | Found a hide-covered altar of Uskayaw.
    87 | D        | Found a radiant altar of Vehumet.
    88 | D        | Found an ornate altar of the Wu Jian Council.
    89 | D        | Found a shimmering altar of Xom.
    90 | D        | Found a basalt altar of Yredelemnul.
    91 | D        | Found a glowing silver altar of Zin.
    92 | D        | Found a glowing golden altar of the Shining One.
   151 | D        | Noticed a wyvern
   151 | D        | Noticed a yak
   151 | D        | Noticed an orc warrior
   151 | D        | Noticed a wyvern
   151 | D        | Noticed a yak
   156 | D        | Killed a wyvern
   157 | D        | Reached skill level 11 in Polearms
   157 | D        | Reached XP level 6. HP: 35/63 MP: 5/5
   161 | D        | Reached skill level 12 in Polearms
   162 | D        | Killed a yak
   163 | D        | Reached XP level 7. HP: 43/71 MP: 6/6
   166 | D        | Reached skill level 10 in Fighting
   166 | D        | Reached skill level 13 in Polearms
   166 | D        | Reached skill level 10 in Armour
   169 | D        | Killed a wyvern
   170 | D        | Reached skill level 14 in Polearms
   174 | D        | Killed a yak
   361 | D        | Noticed a vampire mosquito
   361 | D        | Noticed a vampire mosquito
   361 | D        | Noticed a boulder beetle
   361 | D        | Noticed a kobold demonologist
   361 | D        | Noticed a slime creature
   362 | D        | Killed a vampire mosquito
   363 | D        | Reached XP level 8. HP: 76/82 MP: 7/7
   365 | D        | Reached skill level 15 in Polearms
   372 | D        | Killed a boulder beetle
   373 | D        | Reached skill level 16 in Polearms
   373 | D        | Noticed an orange demon
   381 | D        | Killed a kobold demonologist
   382 | D        | Reached XP level 9. HP: 28/92 MP: 8/8
   387 | D        | HP: 3/92 [slime creature (6)]
   388 | D        | Shot with an arrow by a centaur

Illustrated notes

Levels and vault maps discovered:
D:        linesprint [early_d, line_temple, items_1, d_10, items_2, lair_1,
          lair_end, items_3, orc_1, orc_end, items_4, d_15, swamp_1, shoals_1,
          snake_1, spider_1, d_20, vaults_1, items_5, swamp_end, shoals_end,
          snake_end, spider_end, vaults_end, d_27, items_6, zot_1, zot_end,
          crypt_end, forest_end, elf_end, slime_end, tomb_end, abyss_end,
          pan_hell_end]

Skill      XL: |  1  2  3  4  5  6  7  8 |
---------------+-------------------------+-----
Polearms       | 7 9 11 12 14 16 | 16.9
Fighting       | 6 7 9 11 12 | 12.6
Armour         | 6 7 9 11 12 | 12.6
Shields        | |  3.6

Action                     |  1- 3 |  4- 6 |  7- 9 || total
---------------------------+-------+-------+-------++-------
  Melee: Trident           |    20 |    18 |       ||    38
         Headbutt          |     4 |     5 |     6 ||    15
         Halberd           |       |    11 |    35 ||    46
    Use: Potion            |       |     1 |     2 ||     3
 Armour: Scale mail        |     5 |     2 |       ||     7
         Chain mail        |       |     2 |     9 ||    11
  Dodge: Dodged            |     8 |    12 |     6 ||    26
  Block: Buckler           |     3 |     3 |       ||     6
